TOP OF THE 1ST |
Brooklyn Cyclones batting - Pitching for Los Angeles (NYP) Dodgers : RHP Chris Hodge
|
Pitching: RHP Chris Hodge
|
|
Batting: LHB Jose Chavez
|
0-0: Ball 1-0: Called Strike 1-1: Fly out, F8 (Flyball, 8LM, EV 85.0 MPH)
|
Batting: LHB Adam Barry
|
0-0: Ball 1-0: Ground out 6-3 (Groundball, 6D, EV 107.5 MPH)
|
Batting: LHB Kodai Furuki
|
0-0: Ball 1-0: Fly out, F8 (Flyball, 8LS, EV 90.6 MPH)
|
Top of the 1st over - 0 runs, 0 hits, 0 errors, 0 left on base; Brooklyn 0 - Los Angeles (NYP) 0 |
BOTTOM OF THE 1ST |
Los Angeles (NYP) Dodgers batting - Pitching for Brooklyn Cyclones : RHP Robbie Beerbower
|
Pitching: RHP Robbie Beerbower
|
|
Batting: RHB Mario Mejia
|
0-0: Ground out 4-3 (Groundball, 4M, EV 101.2 MPH)
|
Batting: RHB Leo Cuellar
|
0-0: Called Strike 0-1: Called Strike 0-2: Foul Ball, location: 2F 0-2: Ball 1-2: SINGLE (Groundball, 5, EV 99.4 MPH)
|
Batting: LHB Kippy McGrath
|
0-0: Ball Leo Cuellar steals 2nd base 1-0: Called Strike 1-1: SINGLE (Groundball, 6D, EV 93.8 MPH) Leo Cuellar to third Runner from 3rd tries for Home, SAFE, throw by CF to home Kippy McGrath to second
|
Batting: SHB Chris Ackerson
|
0-0: Ball 1-0: Called Strike 1-1: Ball 2-1: Ground out 1-3 (Groundball, 13S, EV 69.4 MPH) Kippy McGrath to third
|
Batting: RHB Eddie Perry
|
0-0: Called Strike 0-1: Ball 1-1: SINGLE (Groundball, 34D, EV 106.9 MPH) Kippy McGrath scores
|
Batting: RHB Jonathan Kirsch
|
0-0: Fielders Choice at 2nd, 6-4 (Groundball, 6, EV 93.1 MPH)
|
Bottom of the 1st over - 2 runs, 3 hits, 0 errors, 1 left on base; Brooklyn 0 - Los Angeles (NYP) 2 |
TOP OF THE 2ND |
Brooklyn Cyclones batting - Pitching for Los Angeles (NYP) Dodgers : RHP Chris Hodge
|
Batting: SHB Julio Ramos
|
0-0: Ball 1-0: Foul Ball, location: 2F 1-1: Swinging Strike 1-2: Hit by Pitch
|
Batting: LHB Manny Caldera
|
0-0: Swinging Strike Passed Ball! Julio Ramos to second 0-1: Ball 1-1: Ball Passed Ball! Julio Ramos to third 2-1: Ball 3-1: Base on Balls
|
Batting: RHB Hyeok Kim
|
0-0: Ball 1-0: Ball Wild Pitch! Julio Ramos scores Manny Caldera to second 2-0: Called Strike 2-1: SINGLE (Groundball, 4MD, EV 96.2 MPH) Manny Caldera to third
|
Pitching: RHP Craig Fallon
|
|
Batting: RHB Oscar Chairez
|
0-0: Ball 1-0: Ball Hyeok Kim steals 2nd base 2-0: Ball 3-0: Called Strike 3-1: Ground out 6-3 (Groundball, 6M, EV 86.9 MPH) Manny Caldera scores Hyeok Kim to third
|
Batting: RHB Louwe Starmans
|
0-0: DOUBLE (Line Drive, 8RD, EV 100.6 MPH) Hyeok Kim scores
|
Batting: RHB Jung-keun Bai
|
0-0: Called Strike 0-1: Foul Ball, location: 2F 0-2: Hit by Pitch
|
Batting: LHB Jose Chavez
|
0-0: Ball 1-0: Ball 2-0: Ball Wild Pitch! Louwe Starmans to third Jung-keun Bai to second 3-0: Base on Balls
|
Batting: LHB Adam Barry
|
0-0: Called Strike 0-1: Ground out 6-3 (Groundball, 6M, EV 107.5 MPH) Louwe Starmans scores Jung-keun Bai to third Jose Chavez to second
|
Batting: LHB Kodai Furuki
|
0-0: Ball Wild Pitch! Jung-keun Bai scores Jose Chavez to third 1-0: Ball 2-0: Ball Passed Ball! Jose Chavez scores 3-0: Base on Balls
|
Pitching: RHP Willie Alvarado
|
|
Batting: SHB Julio Ramos
|
0-0: Ball 1-0: Swinging Strike 1-1: Ball 2-1: Foul Ball, location: 2F 2-2: Strikes out swinging
|
Top of the 2nd over - 6 runs, 2 hits, 0 errors, 1 left on base; Brooklyn 6 - Los Angeles (NYP) 2 |
BOTTOM OF THE 2ND |
Los Angeles (NYP) Dodgers batting - Pitching for Brooklyn Cyclones : RHP Robbie Beerbower
|
Batting: LHB Bobby Gambrell
|
0-0: Ball 1-0: Called Strike 1-1: Fly out, F5 (Line Drive, 5, EV 60.0 MPH)
|
Batting: RHB Jonathan Quijada
|
0-0: Ball 1-0: Swinging Strike 1-1: Fly out, F9 (Flyball, 89D, EV 75.0 MPH)
|
Batting: SHB John Gernaat
|
0-0: Ball 1-0: Fly out, F9 (Flyball, 89S, EV 95.6 MPH)
|
Bottom of the 2nd over - 0 runs, 0 hits, 0 errors, 0 left on base; Brooklyn 6 - Los Angeles (NYP) 2 |
TOP OF THE 3RD |
Brooklyn Cyclones batting - Pitching for Los Angeles (NYP) Dodgers : RHP Willie Alvarado
|
Batting: LHB Manny Caldera
|
0-0: Called Strike 0-1: Ball 1-1: Foul Ball, location: 2F 1-2: Ball 2-2: Ball 3-2: Foul Ball, location: 2F 3-2: Strikes out swinging
|
Batting: RHB Hyeok Kim
|
0-0: Called Strike 0-1: Ball 1-1: Called Strike 1-2: Ground out 6-3 (Groundball, 56, EV 90.6 MPH)
|
Batting: RHB Oscar Chairez
|
0-0: TRIPLE (Line Drive, 78XD, EV 109.4 MPH)
|
Batting: RHB Louwe Starmans
|
0-0: Ball 1-0: Foul Ball, location: 2F 1-1: Ball 2-1: SINGLE (Line Drive, 9S, EV 107.5 MPH) Oscar Chairez scores
|
Pitching: RHP Cody Bryant
|
|
Batting: RHB Jung-keun Bai
|
0-0: Ball 1-0: DOUBLE (Line Drive, 78D, EV 100.6 MPH) Louwe Starmans to third Runner from 3rd tries for Home, SAFE, throw by LF to home
|
Batting: LHB Jose Chavez
|
0-0: Ball 1-0: Ground out 4-3 (Groundball, 34D, EV 104.4 MPH)
|
Top of the 3rd over - 2 runs, 3 hits, 0 errors, 1 left on base; Brooklyn 8 - Los Angeles (NYP) 2 |
BOTTOM OF THE 3RD |
Los Angeles (NYP) Dodgers batting - Pitching for Brooklyn Cyclones : RHP Robbie Beerbower
|
Batting: RHB Mario Mejia
|
0-0: Swinging Strike 0-1: Ball 1-1: Ball 2-1: Foul Ball, location: 2F 2-2: Foul Ball, location: 2F 2-2: Ball 3-2: Foul Ball, location: 2F 3-2: Base on Balls
|
Batting: RHB Leo Cuellar
|
0-0: Called Strike Mario Mejia steals 2nd base 0-1: Swinging Strike 0-2: Ball 1-2: Ground out 1-3 (Groundball, 15S, EV 66.9 MPH)
|
Batting: LHB Kippy McGrath
|
0-0: Ball 1-0: Ball 2-0: Foul Ball, location: 2F 2-1: Ball 3-1: Swinging Strike 3-2: Strikes out swinging
|
Batting: SHB Chris Ackerson
|
0-0: Ball 1-0: Called Strike 1-1: Ball 2-1: Ball 3-1: Foul Ball, location: 2F 3-2: Foul Ball, location: 2F 3-2: Base on Balls
|
Batting: RHB Eddie Perry
|
0-0: SINGLE (Groundball, 56D, EV 96.9 MPH) Mario Mejia to third Chris Ackerson to second Runner from 3rd tries for Home, SAFE, throw by LF to home
|
Batting: RHB Jonathan Kirsch
|
0-0: Called Strike 0-1: Swinging Strike 0-2: Ground out 3-1 (Groundball, 3L, EV 108.1 MPH)
|
Bottom of the 3rd over - 1 run, 1 hit, 0 errors, 2 left on base; Brooklyn 8 - Los Angeles (NYP) 3 |
TOP OF THE 4TH |
Brooklyn Cyclones batting - Pitching for Los Angeles (NYP) Dodgers : RHP Cody Bryant
|
Batting: LHB Adam Barry
|
0-0: Called Strike 0-1: Foul Ball, location: 2F 0-2: Ground out 5-3 (Groundball, 5, EV 84.4 MPH)
|
Batting: LHB Kodai Furuki
|
0-0: Ball 1-0: Swinging Strike 1-1: Ball 2-1: Ball 3-1: Called Strike 3-2: Base on Balls
|
Batting: SHB Julio Ramos
|
0-0: Ball Wild Pitch! Kodai Furuki to second 1-0: Ball 2-0: Ball Wild Pitch! Kodai Furuki to third 3-0: Called Strike 3-1: Base on Balls
|
Pitching: LHP Gavin White
|
|
Batting: LHB Manny Caldera
|
0-0: Swinging Strike 0-1: Swinging Strike Passed Ball! Kodai Furuki scores Julio Ramos to second 0-2: Strikes out swinging
|
Batting: RHB Hyeok Kim
|
0-0: Called Strike 0-1: Swinging Strike 0-2: Ball 1-2: Ball 2-2: Ground out 6-3 (Groundball, 6, EV 92.5 MPH)
|
Top of the 4th over - 1 run, 0 hits, 0 errors, 1 left on base; Brooklyn 9 - Los Angeles (NYP) 3 |
BOTTOM OF THE 4TH |
Los Angeles (NYP) Dodgers batting - Pitching for Brooklyn Cyclones : RHP Robbie Beerbower
|
Batting: LHB Bobby Gambrell
|
0-0: Called Strike 0-1: Foul Ball, location: 2F 0-2: Ground out 6-3 (Groundball, 6S, EV 88.1 MPH)
|
Batting: RHB Jonathan Quijada
|
0-0: Called Strike 0-1: Foul Ball, location: 2F 0-2: Foul Ball, location: 2LF, Error on foul ball, E2 0-2: Hit by Pitch
|
Batting: SHB John Gernaat
|
0-0: Ball 1-0: Foul Ball, location: 2F 1-1: Ball 2-1: Fielders Choice at 2nd, 6-4 (Groundball, 6M, EV 106.2 MPH)
|
Batting: RHB Mario Mejia
|
0-0: Ball John Gernaat steals 2nd base 1-0: SINGLE (Groundball, 5S, EV 69.4 MPH) (infield hit) John Gernaat to third
|
Batting: RHB Leo Cuellar
|
0-0: Ball 1-0: Ball 2-0: Reached on error, E5 (Groundball, 56S, EV 84.4 MPH) John Gernaat scores Mario Mejia to third
|
Batting: LHB Kippy McGrath
|
0-0: Ball 1-0: Swinging Strike 1-1: Ground out 4-3 (Groundball, 4, EV 103.1 MPH)
|
Bottom of the 4th over - 1 run, 1 hit, 2 errors, 2 left on base; Brooklyn 9 - Los Angeles (NYP) 4 |
TOP OF THE 5TH |
Brooklyn Cyclones batting - Pitching for Los Angeles (NYP) Dodgers : LHP Gavin White
|
Batting: RHB Oscar Chairez
|
0-0: SOLO HOME RUN (Line Drive, 78XD, EV 110.0 MPH), Distance : 450 ft
|
Batting: RHB Louwe Starmans
|
0-0: Called Strike 0-1: Ball 1-1: SINGLE (Groundball, 6MD, EV 94.4 MPH)
|
Batting: RHB Jung-keun Bai
|
0-0: 2-RUN HOME RUN (Flyball, 7D, EV 94.4 MPH), Distance : 382 ft
|
Batting: LHB Jose Chavez
|
0-0: Foul Ball, location: 2F 0-1: Ball 1-1: Foul Ball, location: 2F 1-2: Foul Ball, location: 2F 1-2: TRIPLE (Flyball, 78XD, EV 103.8 MPH)
|
Pitching: RHP Dave Bible
|
|
Batting: LHB Adam Barry
|
0-0: Ball 1-0: Called Strike 1-1: Swinging Strike 1-2: Strikes out swinging
|
Batting: LHB Kodai Furuki
|
0-0: Ball 1-0: Foul Ball, location: 2F 1-1: Ball 2-1: Called Strike 2-2: Fly out, F8 (Line Drive, 8RD, EV 97.5 MPH)
|
Batting: SHB Julio Ramos
|
0-0: Foul Ball, location: 2F 0-1: Ball 1-1: Ball 2-1: Ball 3-1: Foul Ball, location: 2F 3-2: Base on Balls
|
Batting: LHB Manny Caldera
|
0-0: 3-RUN HOME RUN (Flyball, 89XD, EV 98.8 MPH) (Inside the Park)
|
Batting: RHB Hyeok Kim
|
0-0: Ball 1-0: DOUBLE (Groundball, 5L, EV 105.6 MPH)
|
Pitching: RHP Dustin Huschka
|
|
Batting: RHB Oscar Chairez
|
0-0: Ball 1-0: Ball Wild Pitch! Hyeok Kim to third 2-0: Ground out 5-3 (Groundball, 56S, EV 85.0 MPH)
|
Top of the 5th over - 6 runs, 6 hits, 0 errors, 1 left on base; Brooklyn 15 - Los Angeles (NYP) 4 |
BOTTOM OF THE 5TH |
Los Angeles (NYP) Dodgers batting - Pitching for Brooklyn Cyclones : RHP Robbie Beerbower
|
Batting: SHB Chris Ackerson
|
0-0: Ball 1-0: Called Strike 1-1: Ground out 3-1 (Groundball, 34, EV 103.1 MPH)
|
Batting: RHB Eddie Perry
|
0-0: Ball 1-0: Ball 2-0: Called Strike 2-1: Foul Ball, location: 2F 2-2: Strikes out looking
|
Batting: RHB Jonathan Kirsch
|
0-0: Ball 1-0: Swinging Strike 1-1: Ball 2-1: Swinging Strike 2-2: Strikes out swinging
|
Bottom of the 5th over - 0 runs, 0 hits, 0 errors, 0 left on base; Brooklyn 15 - Los Angeles (NYP) 4 |
TOP OF THE 6TH |
Brooklyn Cyclones batting - Pitching for Los Angeles (NYP) Dodgers : RHP Dustin Huschka
|
Batting: RHB Louwe Starmans
|
0-0: Swinging Strike 0-1: Ball 1-1: Foul Ball, location: 2F 1-2: Ball 2-2: Ball 3-2: Base on Balls
|
Batting: RHB Jung-keun Bai
|
0-0: Ball 1-0: Ball 2-0: Called Strike 2-1: Ball 3-1: Fielders Choice at 2nd, 3-6 (Groundball, 34S, EV 88.8 MPH)
|
Batting: LHB Jose Chavez
|
0-0: Called Strike 0-1: Called Strike 0-2: Ball 1-2: Ball Wild Pitch! Jung-keun Bai to second 2-2: Ball 3-2: 2-RUN HOME RUN (Flyball, 89XD, EV 107.5 MPH), Distance : 436 ft
|
Batting: LHB Adam Barry
|
0-0: Called Strike 0-1: Ball 1-1: Called Strike 1-2: Ball 2-2: Ball 3-2: Base on Balls
|
Batting: LHB Kodai Furuki
|
0-0: Fly out, F5 (Popup, 56S, EV 66.9 MPH)
|
Batting: SHB Julio Ramos
|
0-0: Ball Wild Pitch! Adam Barry to second 1-0: Foul Ball, location: 2F 1-1: Ball 2-1: Ball 3-1: 2-RUN HOME RUN (Flyball, 9D, EV 101.9 MPH), Distance : 381 ft
|
Batting: LHB Manny Caldera
|
0-0: Ball 1-0: Called Strike 1-1: Ball 2-1: Ball 3-1: Swinging Strike 3-2: Base on Balls
|
Batting: RHB Hyeok Kim
|
0-0: Called Strike 0-1: DOUBLE (Line Drive, 5D, EV 98.1 MPH) Manny Caldera to third Runner from 3rd tries for Home, throw by LF and OUT! 7-6-2
|
Top of the 6th over - 4 runs, 3 hits, 0 errors, 1 left on base; Brooklyn 19 - Los Angeles (NYP) 4 |
BOTTOM OF THE 6TH |
Los Angeles (NYP) Dodgers batting - Pitching for Brooklyn Cyclones : RHP Robbie Beerbower
|
Batting: LHB Bobby Gambrell
|
0-0: Called Strike 0-1: Ball 1-1: Called Strike 1-2: Ball 2-2: Strikes out swinging
|
Batting: RHB Jonathan Quijada
|
0-0: Ball 1-0: SOLO HOME RUN (Flyball, 7D, EV 95.0 MPH), Distance : 381 ft
|
Batting: SHB John Gernaat
|
0-0: Ball 1-0: Fly out, F7 (Flyball, 7, EV 96.9 MPH)
|
Batting: RHB Mario Mejia
|
0-0: Hit by Pitch
|
Batting: RHB Leo Cuellar
|
0-0: Called Strike 0-1: Ball 1-1: SINGLE (Line Drive, 7S, EV 92.5 MPH) Mario Mejia to second
|
Batting: LHB Kippy McGrath
|
0-0: Foul Ball, location: 2F 0-1: Foul Ball, location: 2F 0-2: 3-RUN HOME RUN (Flyball, 7D, EV 105.0 MPH), Distance : 384 ft
|
Pitching: RHP Leo Burgos
|
|
Batting: SHB Chris Ackerson
|
0-0: Fly out, F3 (Line Drive, 3, EV 66.9 MPH)
|
Bottom of the 6th over - 4 runs, 3 hits, 0 errors, 0 left on base; Brooklyn 19 - Los Angeles (NYP) 8 |
TOP OF THE 7TH |
Brooklyn Cyclones batting - Pitching for Los Angeles (NYP) Dodgers : RHP Dustin Huschka
|
Batting: RHB Oscar Chairez
|
0-0: Ball 1-0: Ball 2-0: Called Strike 2-1: Swinging Strike 2-2: Foul Ball, location: 2F 2-2: Ball 3-2: Base on Balls
|
Batting: RHB Louwe Starmans
|
0-0: Ball 1-0: Ball Balk! Oscar Chairez to second 2-0: Ball 3-0: Called Strike 3-1: Base on Balls
|
Pitching: RHP Pat Mage
|
|
Batting: RHB Jung-keun Bai
|
0-0: Called Strike 0-1: Ball Wild Pitch! Oscar Chairez to third Louwe Starmans to second 1-1: Ball 2-1: Ball 3-1: Foul Ball, location: 2F 3-2: Base on Balls
|
Batting: LHB Jose Chavez
|
0-0: Ball 1-0: Reached via error on a dropped throw from 2B, E6 (Groundball, 34, EV 110.0 MPH) Oscar Chairez scores Louwe Starmans to third Jung-keun Bai to second
|
Batting: LHB Adam Barry
|
0-0: Foul Ball, location: 2F 0-1: Ball 1-1: Swinging Strike 1-2: Ball 2-2: Strikes out looking
|
Batting: LHB Kodai Furuki
|
0-0: Ball 1-0: Swinging Strike 1-1: Ball Passed Ball! Louwe Starmans scores Jung-keun Bai to third Jose Chavez to second 2-1: Foul Ball, location: 2F 2-2: Ball 3-2: Base on Balls
|
Batting: SHB Julio Ramos
|
0-0: Called Strike 0-1: Called Strike 0-2: Ball 1-2: Foul Ball, location: 2F 1-2: Ball Wild Pitch! Jung-keun Bai scores Jose Chavez to third Kodai Furuki to second 2-2: Ball 3-2: Foul Ball, location: 2F 3-2: Foul Ball, location: 2F 3-2: Base on Balls
|
Batting: LHB Manny Caldera
|
0-0: Ball 1-0: Fly out, F7 (Line Drive, 7D, EV 108.8 MPH) Runner from 3rd tags up, SCORES, no throw by LF
|
Batting: RHB Hyeok Kim
|
0-0: Foul Ball, location: 2F 0-1: Ground out 6-3 (Groundball, 6M, EV 105.0 MPH)
|
Top of the 7th over - 4 runs, 0 hits, 1 error, 2 left on base; Brooklyn 23 - Los Angeles (NYP) 8 |
BOTTOM OF THE 7TH |
Los Angeles (NYP) Dodgers batting - Pitching for Brooklyn Cyclones : RHP Leo Burgos
|
Batting: LHB Joe Jenkins
|
0-0: Called Strike 0-1: Ball 1-1: Foul Ball, location: 2F 1-2: Ball 2-2: Strikes out swinging
|
Batting: RHB Jonathan Kirsch
|
0-0: Called Strike 0-1: Ball 1-1: SINGLE (Groundball, 6MD, EV 97.5 MPH)
|
Batting: LHB Bobby Gambrell
|
0-0: Fly out, F4 (Line Drive, 4, EV 74.4 MPH)
|
Batting: RHB Jonathan Quijada
|
Balk! Jonathan Kirsch to second 0-0: Called Strike 0-1: Ground out 5-3 (Groundball, 56S, EV 73.1 MPH)
|
Bottom of the 7th over - 0 runs, 1 hit, 0 errors, 1 left on base; Brooklyn 23 - Los Angeles (NYP) 8 |
TOP OF THE 8TH |
Brooklyn Cyclones batting - Pitching for Los Angeles (NYP) Dodgers : RHP Pat Mage
|
Batting: RHB Oscar Chairez
|
0-0: Ball 1-0: Ball 2-0: Ball 3-0: Called Strike 3-1: Called Strike 3-2: Base on Balls
|
Batting: RHB Louwe Starmans
|
0-0: Called Strike 0-1: Ball Wild Pitch! Oscar Chairez to second 1-1: Swinging Strike 1-2: SINGLE (Groundball, 56D, EV 95.6 MPH) Oscar Chairez to third Runner from 3rd tries for Home, SAFE, throw by LF to home
|
Batting: RHB Jung-keun Bai
|
0-0: Fly out, F5 (Line Drive, 5, EV 68.1 MPH)
|
Batting: LHB Jose Chavez
|
0-0: Ball 1-0: Ball 2-0: Ball 3-0: Base on Balls Louwe Starmans to second
|
Batting: LHB Adam Barry
|
0-0: Ball Wild Pitch! Louwe Starmans to third Jose Chavez to second 1-0: Foul Ball, location: 2F 1-1: Called Strike 1-2: Strikes out swinging
|
Pitching: LHP Mike Pesek
|
|
Batting: LHB Kodai Furuki
|
0-0: Called Strike 0-1: Ball 1-1: Ball 2-1: Ball 3-1: Ground out 5-3 (Groundball, 5, EV 84.4 MPH)
|
Top of the 8th over - 1 run, 1 hit, 0 errors, 2 left on base; Brooklyn 24 - Los Angeles (NYP) 8 |
BOTTOM OF THE 8TH |
Los Angeles (NYP) Dodgers batting - Pitching for Brooklyn Cyclones : RHP Leo Burgos
|
Now in RF: Mario Trujillo
|
|
Batting: SHB John Gernaat
|
0-0: Ground out 4-3 (Groundball, 4, EV 104.4 MPH)
|
Pinch Hitting: RHB Neal Jukic
|
0-0: Ball 1-0: Foul Ball, location: 2F 1-1: Ball 2-1: Foul Ball, location: 2F 2-2: Foul Ball, location: 2F 2-2: Strikes out swinging
|
Batting: RHB Leo Cuellar
|
0-0: Ball 1-0: Fly out, F7 (Flyball, 7, EV 86.9 MPH)
|
Bottom of the 8th over - 0 runs, 0 hits, 0 errors, 0 left on base; Brooklyn 24 - Los Angeles (NYP) 8 |
TOP OF THE 9TH |
Brooklyn Cyclones batting - Pitching for Los Angeles (NYP) Dodgers : LHP Mike Pesek
|
Now at 2B: Neal Jukic
|
|
Now at SS: Leo Cuellar
|
|
Batting: SHB Julio Ramos
|
0-0: Swinging Strike 0-1: Ball 1-1: Ball 2-1: Swinging Strike 2-2: Foul Ball, location: 2F 2-2: Ball 3-2: Ground out 5-3 (Groundball, 5, EV 81.2 MPH)
|
Batting: LHB Manny Caldera
|
0-0: Called Strike 0-1: Foul Ball, location: 2F 0-2: Ball 1-2: Strikes out swinging
|
Batting: RHB Hyeok Kim
|
0-0: Ball 1-0: Ground out 6-3 (Groundball, 56, EV 84.4 MPH)
|
Top of the 9th over - 0 runs, 0 hits, 0 errors, 0 left on base; Brooklyn 24 - Los Angeles (NYP) 8 |
BOTTOM OF THE 9TH |
Los Angeles (NYP) Dodgers batting - Pitching for Brooklyn Cyclones : RHP Leo Burgos
|
Batting: LHB Kippy McGrath
|
0-0: Called Strike 0-1: Called Strike 0-2: Foul Ball, location: 2F 0-2: Ball 1-2: Foul Ball, location: 2F 1-2: Ball 2-2: Strikes out swinging
|
Pitching: LHP Mike Capers
|
|
Batting: SHB Chris Ackerson
|
0-0: Swinging Strike 0-1: Ball 1-1: Swinging Strike 1-2: Strikes out swinging
|
Batting: LHB Joe Jenkins
|
0-0: Called Strike 0-1: Ball 1-1: Foul Ball, location: 2F 1-2: Strikes out swinging
|
Bottom of the 9th over - 0 runs, 0 hits, 0 errors, 0 left on base; Brooklyn 24 - Los Angeles (NYP) 8 |
|